 Dungeon Crawl Stone Soup version 0.24-a0-584-g9d6b971ae4 (webtiles) character file.

Game seed: 16616116161591259179, levelgen mode: deterministic

97 EnegeticOcto the Vexing (level 4, 0/34 HPs)
             Began as a Vampire Arcane Marksman on Sept 1, 2019.
             Was an Initiate of Okawaru.
             Slain by a centaur (3 damage)
             ... on level 3 of the Dungeon.
             The game lasted 00:04:14 (2380 turns).

EnegeticOcto the Vexing (Vampire Arcane Marksman)   Turns: 2380, Time: 00:04:14

Health: 0/34       AC:  3    Str: 10    XL:     4   Next: 42%
Magic:  5/5        EV: 12    Int: 15    God:    Okawaru [......]
Gold:   129        SH:  0    Dex: 14    Spells: 4/5 levels left

rFire    . . .     SeeInvis +   k - +0 short sword (speed)
rCold    . . .     Gourm    .   (no shield)
rNeg     . . .     Faith    .   i - +0 leather armour
rPois    .         Spirit   .   (no helmet)
rElec    .         Reflect  .   (no cloak)
rCorr    .         Harm     .   (no gloves)
MR       .....                  (no boots)
Stlth    ++........             (no amulet)
HPRegen  0.31/turn              f - +1 ring of slaying
MPRegen  0.09/turn              (no ring)

@: regenerating quickly
A: no food, fangs 3, see invisible, unbreathing
a: Exsanguinate, Renounce Religion


You were on level 3 of the Dungeon.
You worshipped Okawaru.
Okawaru was noncommittal.
You were alive.

You visited 1 branch of the dungeon, and saw 3 of its levels.

You collected 129 gold pieces.

Inventory:

Hand Weapons
 k - a +0 short sword of speed (weapon)
Armour
 i - a +0 leather armour (worn)
Jewellery
 f - a +1 ring of slaying (left hand)
Scrolls
 a - a scroll of fog {unknown}
 b - 2 scrolls of enchant armour {unknown}
 e - 2 scrolls of identify {@r1}
 l - 2 scrolls of teleportation {@r3 !r}
 m - a scroll of amnesia
 o - 2 scrolls of remove curse {unknown}
Potions
 g - a potion of agility {@q5 !q}
 h - a potion of heal wounds {unknown}


   Skills:
 + Level 2.5 Fighting
 - Level 1.4 Short Blades
   Level 1.5 Slings
 - Level 2.1 Dodging
 + Level 4.2 Stealth
 - Level 1.0 Spellcasting
 - Level 4.4 Hexes


You had 4 spell levels left.
You knew the following spells:

 Your Spells              Type           Power        Failure   Level  Hunger
a - Corona                Hex            ##.....      5%          1    N/A

Your spell library contained the following spells:

 Spells                   Type           Power        Failure   Level  Hunger
 Slow                     Hex            ##......     9%          2    N/A
 Inner Flame              Hex/Fire       #.......     38%         3    N/A
 Portal Projectile        Hex/Tloc       #.....       38%         3    N/A
 Cause Fear               Hex            ##........   50%         4    N/A
 Leda's Liquefaction      Hex/Erth       #.........   80%         4    N/A

Dungeon Overview and Level Annotations

Branches:
Dungeon (3/15)

Altars:
Kikubaaqudgha
Okawaru
Uskayaw

Annotations:
D:1 Robin


Innate Abilities, Weirdness & Mutations

You do not eat.
Your natural rate of healing is unusually fast.
You have razor-sharp teeth.
You have supernaturally acute eyesight. (SInv)
You can survive without breathing.


Message History

You drop a +0 hunting sling.
You drop 58 stones.
You drop 25 sling bullets.
You drop a +0 dagger.
Things that are here:
a +0 whip; a kobold corpse
There is an open gate here.
You open the door.
There is an open gate here.
You open the door.
Found two altars.
There is an open door here.
There is an open door here.
You now have 120 gold pieces (gained 10).
The adder is too close now for your liking.
The helpless adder fails to defend itself.
You puncture the adder!
You kill the adder!
Okawaru accepts your kill.
No target in view!
No target in view!
No target in view!
No target in view!
No target in view!
No target in view!
a - a scroll labeled ILUWKU DUBOQO A frilled lizard comes into view.
A frilled lizard is nearby!
Found a ration and 9 gold pieces.
The helpless frilled lizard fails to defend itself.
You puncture the frilled lizard!
You kill the frilled lizard!
Okawaru accepts your kill.
No target in view!
No target in view!
No target in view!
No target in view!
You see here a frilled lizard corpse.
You now have 129 gold pieces (gained 9).
You open the door.
Found a ration.
Found a stone staircase leading down.
There is an open door here.
You see here a ration.
You see here a ration.
There is an open door here.
You see here a ration.
There is an open gate here.
There is an open door here.
Partly explored, can't reach some places.
Partly explored, can't reach some places.
Partly explored, can't reach some places.
Search for what [Enter for "."]?
(D) Dungeon
Where to? (Enter - D:2 @ (x,y), ? - help)
There is an open door here.
There is an open gate here.
There is a stone staircase leading down here.
You climb downwards.
Found a whip.
There is a stone staircase leading up here.
You see here a whip.
There is a stone staircase leading up here.
A centaur comes into view.
The centaur shouts!
You hear a shout!
The centaur wields a +0 shortbow.
The centaur shoots an arrow.
The arrow closely misses you.
Found a potion of curing.
You see here an arrow.
A centaur is nearby!
You start waiting.
The centaur shoots an arrow.
The arrow barely misses you.
The centaur shoots an arrow.
The arrow hits you!
A goblin comes into view.
You see here 2 arrows.
The centaur unwields a +0 shortbow.
The centaur hits you.
You are too injured to fight recklessly!
You are too injured to fight recklessly!
You are too injured to fight recklessly!
You are too injured to fight recklessly!
You are too injured to fight recklessly!
You hit the centaur.
The centaur is moderately wounded.
You barely miss the centaur.
The centaur is moderately wounded.
The centaur hits you.
You hit the centaur.
The centaur is heavily wounded.
The centaur closely misses you.
You hit the centaur but do no damage. You bite the centaur, but do no damage.
The centaur is heavily wounded.
The centaur closely misses you. The centaur hits you.
You hit the centaur but do no damage.
The centaur is moderately wounded.
You hit the centaur.
The centaur is heavily wounded.
The centaur hits you!
* * * LOW HITPOINT WARNING * * *
You hit the centaur.
The centaur is heavily wounded.
The centaur hits you.
You die...

#####
###...##
......
#.$..#####
#......!..
###..c..##
+...@g...#
###(######
#(# #.#
#.# #.#
#.# #.#
#.#


You could see a centaur and a goblin.

Vanquished Creatures
  2 adders (D:2)
  An ooze (D:1)
  A worm (D:2)
  2 dart slugs (D:1)
  A leopard gecko (D:2)
  A ball python (D:1)
  3 giant cockroaches (D:2)
  14 goblins
  9 hobgoblins
  7 bats
  4 frilled lizards
  14 kobolds
  10 rats
69 creatures vanquished.

Vanquished Creatures (others)
  5 toadstools (D:2)
5 creatures vanquished.

Grand Total: 74 creatures vanquished

Notes
Turn   | Place    | Note
-------+----------+-------------------------------------------
     0 | D:1      | EnegeticOcto the Vampire Arcane Marksman began the quest
                  | for the Orb.
     0 | D:1      | Reached XP level 1. HP: 14/14 MP: 2/2
    47 | D:1      | Reached skill level 1 in Fighting
    81 | D:1      | Reached skill level 1 in Stealth
   242 | D:1      | Reached XP level 2. HP: 21/21 MP: 3/3
   502 | D:1      | Reached XP level 3. HP: 23/27 MP: 4/4
  1028 | D:2      | Reached skill level 1 in Short Blades
  1041 | D:2      | HP: 1/27 [poisoned by an adder]
  1143 | D:2      | Noticed Robin
  1292 | D:1      | Reached XP level 4. HP: 9/33 MP: 5/5
  1917 | D:2      | Found an iron altar of Okawaru.
  1971 | D:2      | Became a worshipper of Warmaster Okawaru
  2089 | D:2      | Found an ancient bone altar of Kikubaaqudgha.
  2089 | D:2      | Found a hide-covered altar of Uskayaw.
  2369 | D:3      | Noticed a centaur
  2380 | D:3      | Slain by a centaur

Levels and vault maps discovered:
D:1:      psy_arrival_basics, layout_basic, minmay_quantized
D:2:      cheibrodos_fertilizer, layout_basic, gammafunk_temple_overflow_pools,
          okawaru_metal_pillars_3, uniq_robin
D:3:      layout_basic

Skill      XL: |  1  2  3  4 |
---------------+-------------+-----
Fighting       | 1 2 |  2.5
Stealth        | 1 2 3 4 |  4.2
Short Blades   | 1 |  1.4
Slings         | |  1.5
Dodging        | |  2.1
Spellcasting   | |  1.0
Hexes          | |  4.4

Action                   |  1- 3 |  4- 6 || total
-------------------------+-------+-------++-------
Melee: Dagger            |   122 |    78 ||   200
       Bite              |     7 |    10 ||    17
       Short sword       |       |     9 ||     9
 Fire: Hunting sling     |    42 |       ||    42
 Cast: Corona            |     1 |       ||     1
  Use: Potion            |     3 |       ||     3
       Scroll            |     2 |     1 ||     3
 Stab: Sleeping          |     2 |     3 ||     5
Armor: Robe              |    34 |       ||    34
       Leather armour    |     9 |    18 ||    27
Dodge: Dodged            |    96 |    45 ||   141

Table legend:
 A = Non-vault XP
 B = Vault XP
 C = Vault XP percentage of total XP
 D = Non-vault monster count
 E = Vault monster count
 F = Vault count percentage of total count
                 A         B        C        D         E       F
            +---------+---------+-------+---------+---------+-------
      Total |      95 |      44 |  31.7 |      47 |      22 |  31.9
            +---------+---------+-------+---------+---------+-------
        D:1 |      43 |      31 |  41.9 |      30 |      14 |  31.8
        D:2 |      52 |      13 |  20.0 |      17 |       8 |  32.0
            +---------+---------+-------+---------+---------+-------
